 Dungeon Crawl Stone Soup version 0.31-a0-588-g14bffd4ff3 (webtiles) character file.

Game seed: 13445165791310399304

1346 Iter the Shield-Bearer (level 8, -2/71 HPs)
             Began as a Minotaur Fighter on Aug 19, 2023.
             Was an Initiate of Okawaru.
             Killed by divine providence
             ... invoked by an orc priest
              (15 damage)
             ... on level 6 of the Dungeon.
             The game lasted 00:07:21 (4587 turns).

Iter the Shield-Bearer (Minotaur Fighter)           Turns: 4587, Time: 00:07:21

Health: -2/71      AC: 26    Str: 22    XL:     8   Next: 36%
Magic:  7/7        EV:  7    Int:  5    God:    Okawaru [......]
Gold:   338        SH:  6    Dex: 11    Spells: 7/7 levels left

rFire   . . .        a - +0 war axe (heavy)
rCold   . . .        c - +1 buckler
rNeg    + . .        e - +7 plate armour of the Garden {rN+ rCorr Stlth+}
rPois   .            (helmet restricted)
rElec   .            q - +2 cloak
rCorr   +            (no gloves)
SInv    .            f - +2 pair of boots
Will    .....        (no amulet) Stlth
                     (no ring)
HPRegen 0.31/turn    (no ring)
MPRegen 0.10/turn

%: no passive effects
@: no status effects
A: horns 2, retaliatory headbutt
a: Renounce Religion


You were on level 6 of the Dungeon.
You worshipped Okawaru.
Okawaru was noncommittal.
You visited 2 branches of the dungeon, and saw 7 of its levels.

You collected 338 gold pieces.

Inventory:

Hand Weapons
 a - a +0 heavy war axe (weapon)
Armour
 c - a +1 buckler (worn)
 e - the +7 plate armour of the Garden (worn) {rN+ rCorr Stlth+}
   (You acquired it on level 1 of the Dungeon)

   rN+:       It protects you from negative energy.
   rCorr:     It protects you from acid and corrosion.
   Stlth+:    It makes you more stealthy.
 f - a +2 pair of boots (worn)
 q - a +2 cloak (worn)
Jewellery
 j - a ring of fire
Wands
 p - a wand of paralysis (8)
 r - a wand of iceblast (18)
 t - a wand of flame (34)
Scrolls
 b - 4 scrolls of teleportation
 g - a scroll of blinking
 i - a scroll of torment
 l - a scroll of immolation
Potions
 d - a potion of might
 h - 3 potions of heal wounds
 m - 2 potions of curing
 n - 2 potions of haste
 o - a potion of lignification


   Skills:
 + Level 6.5 Fighting
 + Level 5.9 Axes
 + Level 6.5 Armour
 + Level 4.7 Dodging
 + Level 6.6 Shields


You had 7 spell levels left.
You didn't know any spells.
Your spell library contained the following spells:

 Spells                   Type           Power      Damage    Failure   Level
 Cigotuvi's Dreadful Rot  Necr/Pois/Air  0%         N/A       100%        2
 Ensorcelled Hibernation  Hex/Ice        0%         N/A       100%        2
 Passwall                 Tmut/Erth      0%         N/A       100%        2
 Swiftness                Air            0%         N/A       100%        3
 Dispel Undead            Necr           0%         3d6       100%        4
 Lee's Rapid Deconstruct  Erth           0%         3d4*      100%        5
 Animate Armour           Summ/Erth      Unusable   N/A       N/A         4
 Summon Lightning Spire   Summ/Air       Unusable   N/A       N/A         4
 Death Channel            Necr           Unusable   N/A       N/A         6

Dungeon Overview and Level Annotations

Branches:
Dungeon (6/15)             Temple (1/1) D:6

Altars:
Ashenzari
Cheibriados
Dithmenos
Elyvilon
Gozag
Hepliaklqana
Kikubaaqudgha
Makhleb
Okawaru
Qazlal
Ru
Sif Muna
Trog
Uskayaw
Vehumet
Wu Jian
Xom
Zin
The Shining One

Shops:
D:2 ((=(


Innate Abilities, Weirdness & Mutations

You have a pair of horns on your head.
You reflexively headbutt those who attack you in melee.


Message History

You slice the water moccasin!!
The water moccasin is severely wounded.
You feel extremely sick.
The water moccasin bites you but does no damage.
You block the water moccasin's attack.
The water moccasin bites you but does no damage.
You slash the water moccasin!
You kill the water moccasin!
Okawaru accepts your kill.
You feel very sick.
No target in view!
No target in view!
No target in view!
You feel sick.
You feel sick.
You feel sick.
You feel sick.
You feel sick.
You feel sick.
You feel sick.
You are no longer poisoned.
An orc warrior comes into view. It is wielding a +0 hand axe.
An orc priest comes into view. It is wielding a +0 club.
The orc warrior shouts!
The orc priest shouts!
The orc priest casts a cantrip, but nothing happens.
You see here a water moccasin corpse.
The orc priest miscasts a cantrip.
An orc priest comes into view. It is wielding a +0 club.
You barely miss the orc warrior.
The orc priest mumbles some strange prayers to Beogh against you.
Beogh smites you!
The orc warrior hits you but does no damage.
The orc priest begins to cast a cantrip, but forgets the words!
The orc warrior hits you with a +0 hand axe!
The orc priest calls down the wrath of Beogh upon you.
Beogh smites you!
* * * LOW HITPOINT WARNING * * *
The orc priest invokes the aid of Beogh against you.
Beogh smites you!
You die...

##........# ..#########
#........ .....#
#........ .....#
#........ .....#
#....oo.. .....#
#........ .....#
#........
###.############........
###.##..#.....†.@o.#
..).....#..........#
........#..........#
........#..........#
........#..........#
.####...#..........#+#
.####...##+##.........
............#.........
.#..........#.........


You could see an orc warrior and 2 orc priests.

Vanquished Creatures
  Eustachio (D:5)
  2 steam dragons
  A water moccasin (D:6)
  An ogre (D:4)
  A phantom (D:5)
  2 scorpions
  3 wights (D:4)
  Crazy Yiuf (D:5)
  3 jellies
  An orc priest (D:5)
  2 iguanas
  2 orc wizards (D:5)
  7 adders
  2 white imps (D:5)
  2 worms (D:2)
  3 dart slugs
  5 orcs
  7 bats
  7 endoplasms
  2 giant cockroaches
  5 goblins
  5 hobgoblins
  12 jackals
  A quokka (D:1)
  8 ball pythons
  7 frilled lizards
  4 kobolds
  5 rats
102 creatures vanquished.

Notes
Turn   | Place    | Note
-------+----------+-------------------------------------------
     0 | D:1      | Iter the Minotaur Fighter began the quest for the Orb.
     0 | D:1      | Reached XP level 1. HP: 19/19 MP: 0/0
    73 | D:1      | Reached XP level 2. HP: 22/27 MP: 1/1
   159 | D:1      | Identified a scroll of acquirement
   159 | D:1      | Acquired the +7 plate armour of the Garden {rN+ rCorr
                  | Stlth+}
   501 | D:1      | Reached skill level 1 in Dodging
   599 | D:1      | Reached XP level 3. HP: 33/33 MP: 2/2
   973 | D:2      | Found Kisijehe's Jewellery Boutique.
  1154 | D:2      | Found Vayng's Weapon Emporium.
  1214 | D:2      | Found Kuepridiof's Antique Weapon Shop.
  1254 | D:2      | Reached XP level 4. HP: 40/40 MP: 3/3
  1254 | D:2      | Found Qot Zuo's Antique Weapon Emporium.
  2509 | D:4      | Reached XP level 5. HP: 47/47 MP: 4/4
  2514 | D:4      | Noticed a steam dragon
  2521 | D:4      | Killed a steam dragon
  2522 | D:4      | Reached XP level 6. HP: 49/55 MP: 5/5
  2581 | D:4      | Reached skill level 5 in Shields
  2584 | D:4      | Reached skill level 5 in Fighting
  2584 | D:4      | Reached skill level 5 in Armour
  2910 | D:4      | Reached XP level 7. HP: 39/61 MP: 6/6
  3378 | D:5      | Entered Level 5 of the Dungeon
  3383 | D:5      | Found a glowing golden altar of the Shining One.
  3526 | D:5      | Noticed Eustachio
  3547 | D:5      | Killed Eustachio
  3548 | D:5      | Reached skill level 5 in Axes
  3608 | D:5      | Found a runed translucent door.
  3609 | D:5      | Noticed Crazy Yiuf
  3619 | D:5      | Killed Crazy Yiuf
  4007 | D:6      | Noticed a steam dragon
  4011 | D:6      | Reached XP level 8. HP: 61/70 MP: 7/7
  4299 | D:6      | Found a staircase to the Ecumenical Temple.
  4310 | Temple   | Entered the Ecumenical Temple
  4322 | Temple   | Became a worshipper of Warmaster Okawaru
  4467 | D:6      | Found a broken altar of Ashenzari.
  4587 | D:6      | Killed from afar by an orc priest

Illustrated notes

Levels and vault maps discovered:
D:1:      wheals_arrival_shading, layout_basic, hangedman_decor_clover_reticule
D:2:      layout_basic, serial_shops, nicolae_shop_advertising_works
          [nicolae_subvault_shop_adworks], nicolae_square_shop, shop, shop
D:3:      layout_loops_corners, grunt_decor_cap
D:4:      layout_basic
D:5:      layout_cave_pools, tso_metal_star, nrook_mini_backslash,
          uniq_eustachio, uniq_crazy_yiuf_cottage
D:6:      layout_gridville, nicolae_ashenzari_skybound,
          minmay_temple_entry_waves
Temple:   nicolae_temple_bog_church

Skill      XL: |  1  2  3  4  5  6  7 |
---------------+----------------------+-----
Dodging        | 1 2 3 4 |  4.7
Fighting       | 4 5 6 |  6.5
Shields        | 4 5 6 |  6.6
Armour         | 4 5 6 |  6.5
Axes           | 3 4 5 |  5.9

Action                     |  1- 3 |  4- 6 |  7- 9 || total
---------------------------+-------+-------+-------++-------
  Melee: War axe           |    67 |    67 |    69 ||   203
         Headbutt          |     5 |     8 |     8 ||    21
    Use: Scroll            |     3 |    10 |     6 ||    19
 Armour: Scale mail        |     7 |       |       ||     7
         Plate armour      |    46 |    68 |   100 ||   214
  Dodge: Dodged            |    25 |    29 |    36 ||    90
  Block: Buckler           |    13 |    26 |    25 ||    64

Table legend: (Time is in decaauts)
 A = Elapsed time spent in this place.
 B = Non-inter-level travel time spent in this place.
 C = Inter-level travel time spent in this place.
 D = Time resting spent in this place.
 E = Time spent auto-exploring this place.
 F = Levels seen in this place.
 G = Mean time per level.
                   A        B        C        D        E       F      G
               +--------+--------+--------+--------+--------+-----+--------+
         Total |   4758 |   4599 |    159 |      0 |   3769 |   7 |  679.7 |
       Dungeon |   4733 |   4597 |    136 |      0 |   3769 |   6 |  788.8 |
        Temple |     24 |      1 |     23 |      0 |      0 |   1 |   24.0 |
               +--------+--------+--------+--------+--------+-----+--------+

Top non-repeatable levels by time:
     D:1: 952 daAuts
     D:4: 937 daAuts
     D:3: 926 daAuts
     D:2: 675 daAuts
     D:5: 668 daAuts
     D:6: 573 daAuts
  Temple: 24 daAuts
